 Dungeon Crawl Stone Soup version 0.18.1-48-g4cf74bf (webtiles) character file.

58 Puuhinen the Cudgeler (level 4, -2/49 HPs)
             Began as an Ogre Berserker on July 23, 2016.
             Was a Believer of Trog.
             Slain by a hobgoblin
             ... wielding a +0 club
             ... led by Robin
              (7 damage)
             ... on level 2 of the Dungeon.
             The game lasted 00:02:21 (811 turns).

Puuhinen the Cudgeler (Ogre Berserker)               Turns: 811, Time: 00:02:22

Health: -2/49      AC:  3    Str: 22    XL:     4   Next: 1%
Magic:  4/4        EV: 10    Int:  6    God:    Trog [**....]
Gold:   57         SH:  0    Dex: 10    Spells: 0 memorised, 3 levels left

rFire  . . .     SeeInvis .     a - +0 mace
rCold  . . .     Gourm    .     b - +0 animal skin
rNeg   . . .     Faith    .     (no shield)
rPois  .         Spirit   .     (helmet restricted)
rElec  .         Dismiss  .     (no cloak)
rCorr  .         Reflect  .     (gloves unavailable)
SustAt .         Harm     .     (boots unavailable)
MR     .....                    (no amulet)
Stlth  +.........               (no ring)
                                (no ring)

@: exhausted, hasted and slowed, not resistant to hostile enchantments, very
unstealthy
A: unfitting armour, tough skin 1
a: Berserk, Trog's Hand, Burn Spellbooks, Renounce Religion


You were on level 2 of the Dungeon.
You worshipped Trog.
Trog was pleased with you.
You were hungry.

You visited 1 branch of the dungeon, and saw 2 of its levels.

You collected 57 gold pieces.

Inventory:

Hand Weapons
 a - a +0 mace (weapon)
Armour
 b - a +0 animal skin (worn)
Scrolls
 g - a scroll of remove curse {unknown}
 h - a scroll of magic mapping {unknown}
 i - a scroll of fear {unknown}
Potions
 e - a potion of degeneration {unknown}
Comestibles
 c - 2 bread rations


   Skills:
 + Level 4.6 Fighting
 * Level 5.2 Maces & Flails
 + Level 3.2 Dodging


You had 3 spell levels left.
You didn't know any spells.

Dungeon Overview and Level Annotations

Branches:
Dungeon (2/15)

Altars:


Innate Abilities, Weirdness & Mutations

You are too large for most types of armour.
You have tough skin (AC +1).


Message History

Trog accepts your kill.
You have reached level 4!
The hobgoblin hits you.
* * * LOW HITPOINT WARNING * * *
The kobold misses you. The hobgoblin completely misses you.
The kobold hits you with a short sword.
* * * LOW HITPOINT WARNING * * *
The hobgoblin hits you but does no damage.
You miss the kobold.
The hobgoblin no longer looks unusually strong. x2
The hobgoblin closely misses you. The kobold hits you with a short sword.
* * * LOW HITPOINT WARNING * * *
The hobgoblin closely misses you. The hobgoblin hits you.
* * * LOW HITPOINT WARNING * * *
The kobold hits you with a short sword.
* * * LOW HITPOINT WARNING * * *
Drink which item? (? for menu, Esc to quit)
It was a potion of haste.
You feel yourself speed up. The hobgoblin hits you with a club!
You die...

.................
............<..#
..........!...)#
.............<.#
......$..<.....#
g.......)......#
..g..........gg# #######
..g..........gg##.......
########.....gg@KS......
#......###.....!.
#......# .......
######## ....... .......
....... ....... ..$....


You could see an adder, 2 hobgoblins, 4 goblins and a kobold.

Vanquished Creatures
  Robin (D:2)
  A dart slug (D:2)
  2 giant geckos
  4 bats (D:1)
  2 giant cockroaches (D:1)
  6 goblins
  8 hobgoblins
  4 jackals (D:1)
  6 kobolds
  2 giant newts (D:1)
  3 rats
39 creatures vanquished.

Notes
Turn   | Place    | Note
--------------------------------------------------------------
     0 | D:1      | Puuhinen the Ogre Berserker began the quest for the Orb.
     0 | D:1      | Reached XP level 1. HP: 24/24 MP: 1/1
    50 | D:1      | Reached XP level 2. HP: 23/33 MP: 2/2
   309 | D:1      | Reached ** piety under Trog
   309 | D:1      | Reached XP level 3. HP: 39/40 MP: 3/3
   795 | D:2      | Noticed Robin
   795 | D:2      | Reached skill level 5 in Maces & Flails
   803 | D:2      | Killed Robin
   809 | D:2      | Reached XP level 4. HP: 17/49 MP: 4/4
   811 | D:2      | Slain by a hobgoblin

Skill      XL: |  1  2  3 |
---------------+----------+-----
Dodging        | 3 |  3.2
Maces & Flails | 5 |  5.2
Fighting       | |  4.6

Action                   |  1- 3 |  4- 6 || total
-------------------------+-------+-------++-------
Melee: Mace              |    92 |     1 ||    93
Invok: Berserk           |     2 |       ||     2
  Use: Potion            |       |     1 ||     1
  Eat: Chunk             |     1 |       ||     1
Armor: Animal skin       |    26 |     1 ||    27
Dodge: Dodged            |    45 |     4 ||    49
